 Dungeon Crawl Stone Soup version 0.23.0 (webtiles) character file.

Game seed: 12572399488868896094

1662 Monsterracer the Cleaver (level 8, -1/73 HPs)
             Began as a Minotaur Berserker on Feb 9, 2019.
             Was a Priest of Trog.
             Slain by an orc knight
             ... wielding a +0 halberd
              (22 damage)
             ... in a bailey.
             The game lasted 00:05:01 (4015 turns).

Monsterracer the Cleaver (Minotaur Berserker)       Turns: 4015, Time: 00:05:02

Health: -1/73      AC: 14    Str: 25    XL:     8   Next: 69%
Magic:  7/7        EV:  9    Int:  4    God:    Trog [***...]
Gold:   136        SH:  0    Dex: 15    Spells: 7/7 levels left

rFire    + . .     SeeInvis .   a - +0 hand axe
rCold    . . .     Gourm    +   (no shield)
rNeg     . . .     Faith    .   n - +1 plate armour {rF+}
rPois    .         Spirit   .   (helmet restricted)
rElec    .         Reflect  .   (no cloak)
rCorr    .         Harm     .   (no gloves)
MR       .....                  (no boots)
Stlth    ..........             l - amulet of the gourmand
HPRegen  0.22/turn              g - +4 ring of dexterity
MPRegen  0.10/turn              k - +2 ring of strength

@: no status effects
A: retaliatory headbutt, horns 2
a: Berserk, Trog's Hand, Renounce Religion


You were in a bailey.
You worshipped Trog.
Trog was most pleased with you.
You were not hungry.

You visited 1 branch of the dungeon, and saw 7 of its levels.
You also visited: Bailey.

You collected 227 gold pieces.
You spent 91 gold pieces at shops.

Inventory:

Hand Weapons
 a - a +0 hand axe (weapon)
Armour
 b - a +3 ring mail
 n - a +1 plate armour of fire resistance (worn)
Jewellery
 g - a +4 ring of dexterity (left hand)
 k - a +2 ring of strength (right hand)
 l - an amulet of the gourmand (around neck)
Scrolls
 d - a scroll of blinking {unknown}
 i - 4 scrolls of magic mapping
 r - a scroll of remove curse
Potions
 e - 3 potions of curing
 f - a potion of lignification {unknown}
 h - 2 potions of mutation
 j - a potion of agility {unknown}
 m - a potion of haste {unknown}
 w - a potion of heal wounds
Comestibles
 c - 5 rations


   Skills:
 + Level 7.4 Fighting
 * Level 9.9 Axes
 + Level 6.9 Armour
 - Level 3.1 Dodging


You had 7 spell levels left.
You didn't know any spells.
Your spell library was empty.

Dungeon Overview and Level Annotations

Branches:
Dungeon (7/15)
 Temple: D:4-7

Altars:

Shops:
D:5 !?!**


Innate Abilities, Weirdness & Mutations

You reflexively headbutt those who attack you in melee.
You have a pair of horns on your head.


Message History

You slash the orc!
You kill the orc!
Trog accepts your kill.
The orc knight no longer looks unusually strong.
The orc knight hits you from afar with a +0 halberd.
The orc knight closely misses you.
The orc warrior hits you from afar with a +0 glaive!!
The orc warrior hits you from afar with a +0 trident!
You take 41 damage, and have 23/73 hp.
MASSIVE DAMAGE!!
You are too injured to fight recklessly!
There is an open door here.
A red film seems to cover your vision as you go berserk!
You feel yourself moving faster!
You feel mighty!
You feel a lot more hungry.
The orc warrior hits you from afar with a +0 glaive!
* * * LOW HITPOINT WARNING * * *
You now have 28/109 hp.
You feel a strong urge to attack something.
The orc warrior hits you with a +0 glaive!
* * * LOW HITPOINT WARNING * * *
You take 7 damage, and have 21/109 hp.
You completely miss the orc warrior. You headbutt the orc warrior.
The orc warrior is moderately wounded.
You slash the orc warrior!
The orc warrior is severely wounded.
You hit the orc warrior but do no damage.
Your headbutt misses the orc warrior.
The orc warrior is severely wounded.
The orc knight no longer looks unusually strong.
The orc warrior barely misses you.
You slash the orc warrior!
You kill the orc warrior!
Trog accepts your kill.
You slam the door shut with a bang, pushing everything out of the way!
You start resting.
You feel a strong urge to attack something.
You start resting.
You are no longer berserk.
You are exhausted.
You feel yourself slow down.
You now have 14/73 hp.
You start resting.
You feel yourself speed up.
You regained 7 hp, and now have 21/73 hp.
You start resting.
You recover from your berserk rage.
You regained 3 hp, and now have 24/73 hp.
You start resting.
HP restored.
Health restored: 73 You now have 136 gold pieces (gained 50).
Things that are here:
a +1 plate armour of fire resistance; a +0 glaive You open the door.
The orc knight shouts! x2; The orc warrior shouts!
n - a +1 plate armour of fire resistance The orc knight roars a battlecry!
The orcs go into a battle-frenzy!
You close the door.
Wear which item? (? for menu, Esc to quit)
That's the wrong kind of item! (Use * to select it.) Wear which item? (? for menu, Esc to quit)
That's the wrong kind of item! (Use * to select it.) Wear which item? (? for menu, Esc to quit)
You start removing your armour.
You continue taking off your +3 ring mail. x4
You finish taking off your +3 ring mail.
You start putting on your armour.
You continue putting on your +1 plate armour of fire resistance. x5
You finish putting on your +1 plate armour of fire resistance.
You feel resistant to fire.
You open the door.
The orc knight no longer looks unusually strong.
There is an open door, spattered with blood here.
The orc warrior no longer looks unusually strong.
The orc warrior hits you but does no damage.
The orc knight hits you from afar with a +0 halberd.
You take 4 damage, and have 69/73 hp.
The orc knight roars a battlecry!
The orcs go into a battle-frenzy!
The orc knight roars a battlecry!
The orc knight goes into a battle-frenzy!
There is an open door here.
There is a large open door here.
There is a large open door here.
You start resting.
HP restored.
Health restored: 73
There is a large open door here.
There is a large open door here.
The orc knight no longer looks unusually strong.
The orc knight roars a battlecry!
The orcs go into a battle-frenzy!
There is an open door here.
The orc knight hits you from afar with a +0 halberd!
You take 17 damage, and have 56/73 hp.
MASSIVE DAMAGE!!
The orc knight hits you from afar with a +0 halberd!!!
* * * LOW HITPOINT WARNING * * *
You take 36 damage, and have 20/73 hp.
MASSIVE DAMAGE!!
The orc knight hits you from afar with a +0 halberd!!
You die...

### ##.........##
..#######..≈≈≈≈≈≈≈..##
##...##...≈≈)..))≈≈..##
#####.##..≈.)###..≈≈..##########
.......##.))## ##..≈≈..........#
≈≈≈≈≈≈####### ##..≈≈≈≈≈≈≈≈≈≈.#
..##### ... ##.)........≈.#
.##### #####'#############.≈.#
.##.$$ ##.....§@..##.....##.≈.#
..## ##..§≈≈§≈≈≈..#'...##..≈.#
≈..## #..≈≈..§oo≈§.§##.##..≈≈.#
≈≈..# ..≈≈...⌠§§o§§..#'#..≈≈.##
≈≈..# ..≈§..⌠∩⌠..§§§.#'#..≈≈.∩#
≈..## #..≈≈.....§§..##.##..≈≈.#
..## #..≈≈≈≈≈≈≈..##...##..≈.#
.## #....)....##.....##.≈.#
.#############'###'#########.≈.#


You could see 2 orc knights and an orc warrior.

Vanquished Creatures
  Pikel (D:5)
  A sky beast (D:7)
  4 slaves (D:5)
  2 orc warriors
  An ogre (D:7)
  3 centaurs
  A howler monkey (D:6)
  2 crimson imps (D:5)
  A quasit (D:6)
  A gnoll shaman (D:6)
  4 orc priests
  An orc wizard (D:6)
  3 worker ants
  Robin (D:2)
  A worker ant zombie (D:6)
  5 gnolls
  4 adders
  An ooze (D:6)
  2 adder skeletons
  3 worms (D:2)
  5 leopard geckos
  19 orcs
  A ball python (D:2)
  4 bats
  2 giant cockroaches
  19 goblins
  5 hobgoblins
  8 jackals
  2 kobolds
  4 quokkas
  7 frilled lizards
  2 rats
120 creatures vanquished.

Notes
Turn   | Place    | Note
-------+----------+-------------------------------------------
     0 | D:1      | Monsterracer the Minotaur Berserker began the quest for the
                  | Orb.
     0 | D:1      | Reached XP level 1. HP: 19/19 MP: 0/0
   342 | D:1      | Reached skill level 4 in Axes
   342 | D:1      | Reached XP level 2. HP: 27/27 MP: 1/1
   820 | D:2      | Reached XP level 3. HP: 33/33 MP: 2/2
   962 | D:2      | Reached ** piety under Trog
  1018 | D:2      | Reached skill level 5 in Axes
  1018 | D:2      | Reached XP level 4. HP: 40/40 MP: 3/3
  1546 | D:3      | Noticed Robin
  1647 | D:2      | Killed Robin
  1749 | D:4      | Reached XP level 5. HP: 46/47 MP: 4/4
  1764 | D:5      | Entered Level 5 of the Dungeon
  1793 | D:5      | Noticed a slave
  1793 | D:5      | Noticed a slave
  1796 | D:5      | Noticed a slave
  1796 | D:5      | Noticed a slave
  1796 | D:5      | Noticed Pikel
  1803 | D:5      | Killed a slave
  1806 | D:5      | Killed a slave
  1808 | D:5      | Killed a slave
  1812 | D:5      | Killed a slave
  1812 | D:5      | Killed Pikel
  1812 | D:5      | Reached skill level 5 in Fighting
  1812 | D:5      | Reached skill level 7 in Axes
  1812 | D:5      | Reached skill level 5 in Armour
  1812 | D:5      | Reached XP level 6. HP: 46/57 MP: 5/5
  1812 | D:5      | Reached XP level 7. HP: 50/62 MP: 6/6
  2114 | D:5      | Found Beawnas's Distillery.
  2118 | D:5      | Bought a potion of heal wounds for 60 gold pieces
  2148 | D:6      | Reached *** piety under Trog
  2210 | D:6      | Reached skill level 8 in Axes
  2352 | D:5      | Found Vets's Distillery.
  2449 | D:5      | Reached XP level 8. HP: 67/71 MP: 7/7
  2715 | D:5      | Found Deuczak's Assorted Antiques.
  2718 | D:5      | Bought a scroll labeled QOEBBE CAGO for 31 gold pieces
  2731 | D:5      | Found Jydaph's General Store.
  2799 | D:5      | Found Cuontehi's Magic Scroll Boutique.
  2858 | D:6      | Reached skill level 9 in Axes
  3277 | D:7      | Found a flagged portal.
  3320 | Bailey   | Entered a bailey
  3685 | Bailey   | Noticed an orc knight
  3686 | Bailey   | Noticed an orc knight
  4015 | Bailey   | Slain by an orc knight

Skill      XL: |  1  2  3  4  5  6  7  8 |
---------------+-------------------------+-----
Axes           | 4 5 7 8 9 |  9.9
Fighting       | 4 5 6 7 |  7.4
Armour         | 3 5 6 |  6.9
Dodging        | 3 |  3.1

Action                   |  1- 3 |  4- 6 |  7- 9 || total
-------------------------+-------+-------+-------++-------
Melee: Hand axe          |    59 |    63 |   147 ||   269
       Headbutt          |     8 |    10 |    43 ||    61
Invok: Berserk           |     1 |     2 |     4 ||     7
  Use: Scroll            |     3 |     1 |     2 ||     6
  Eat: Chunk             |     1 |     6 |    11 ||    18
Armor: Chain mail        |    31 |    49 |    32 ||   112
       Ring mail         |       |       |    39 ||    39
       Plate armour      |       |       |     1 ||     1
Dodge: Dodged            |    39 |    54 |    91 ||   184

Levels and vault maps discovered:
D:1:      doesnt_arrival_eight_statues, layout_basic, corner_web_ring
D:2:      layout_loops_ring
D:3:      layout_basic, nicolae_tso_swordbearing_angel, serial_glass,
          glass_columns_a, glass_columns_a, glass_columns_c,
          kennysheep_generic_room_7, uniq_robin
D:4:      minmay_opposing_rooms, layout_basic, first_ration
D:5:      lemuel_ice_spiral_2, layout_basic, serial_shops, kennysheep_mini_moat,
          kennysheep_mini, nicolae_shop_temple_entry_statues_fountains,
          nicolae_shop_behind_doors, shop_statue, uniq_pikel,
          uniq_prince_ribbit1
D:6:      layout_loops_ring, minmay_bent
D:7:      layout_loops_ring, minmay_temple_entry_poolview, enter_bailey_7,
          uniq_harold
Bailey:   bailey_polearm_1, bailey
